 Dungeon Crawl Stone Soup version 0.26-a0-1147-g3780a7a11b (webtiles) character file.

Game seed: 14698893312781745114

1051 sokol815 the Firebug (level 8, -8/46 HPs)
             Began as an Octopode Fire Elementalist on Dec 22, 2020.
             Was an Initiate of Gozag.
             Shot with an arrow by a centaur (11 damage)
             ... on level 6 of the Dungeon.
             The game lasted 00:19:17 (6477 turns).

sokol815 the Firebug (Octopode Fire Elementalist)   Turns: 6477, Time: 00:19:18

Health: -8/46      AC:  1    Str:  7    XL:     8   Next: 26%
Magic:  5/11       EV: 13    Int: 19    God:    Gozag
Gold:   574        SH:  0    Dex: 13    Spells: 3/11 levels left

rFire    . . .     SeeInvis .   a - +2 short sword (freeze)
rCold    . . .     Faith    .   (no shield)
rNeg     . . .     Spirit   .   (helmet restricted)
rPois    .         Reflect  .   (no amulet)
rElec    .         Harm     .   A - ring of resist corrosion
rCorr    +         Rampage  .   (no ring)
Will     .....                  (no ring)
Stlth    +++.......             (no ring)
HPRegen  0.15/turn              (no ring)
MPRegen  0.12/turn              (no ring)
                                (no ring)
                                (no ring)

@: no status effects
A: almost no armour, stealthy swim, amphibious, 8 rings, constrict 8, camouflage
1, gelatinous body 1
a: Renounce Religion, Potion Petition, Call Merchant, Bribe Branch


You were on level 6 of the Dungeon.
You worshipped Gozag.
Gozag was pleased with you.
You visited 2 branches of the dungeon, and saw 7 of its levels.

You collected 640 gold pieces.
You paid 66 gold pieces to Gozag.

Inventory:

Hand Weapons
 a - a +2 short sword of freezing (weapon)
   (You took it off a kobold on level 2 of the Dungeon)
 g - a +0 club
   (You took it off a hobgoblin on level 1 of the Dungeon)
 o - a +0 dagger
   (You took it off a kobold on level 1 of the Dungeon)
 v - a +2 whip of draining
   (You took it off an orc on level 4 of the Dungeon)
Missiles
 d - 246 stones
 f - 154 arrows
 r - 41 bolts
 C - 3 boomerangs
 D - 5 curare-tipped darts
Jewellery
 q - an uncursed ring of ice {rC+, rF-}
   (You found it on level 2 of the Dungeon)
 A - a ring of resist corrosion (left tentacle)
   (You found it on level 4 of the Dungeon)
Wands
 n - a wand of enslavement (21)
   (You found it on level 2 of the Dungeon)
 s - a wand of flame (34)
   (You took it off a hobgoblin on level 2 of the Dungeon)
 u - a wand of paralysis (6)
   (You took it off an orc on level 4 of the Dungeon)
 w - a wand of disintegration (11)
   (You found it on level 4 of the Dungeon)
 E - a wand of iceblast (11)
   (You found it on level 5 of the Dungeon)
Scrolls
 b - 5 scrolls of remove curse
 e - a scroll of teleportation
 j - 2 scrolls of immolation {!r}
 k - a scroll of fog {unknown}
 l - 2 scrolls of fear
 p - a scroll of identify
 t - a scroll of magic mapping {unknown}
 x - a scroll of enchant armour
 y - a scroll of blinking {unknown}
 B - a scroll of amnesia {unknown}
Potions
 c - a potion of might
 i - 2 potions of lignification {!q}
 m - a potion of attraction {!q}
 z - 2 potions of heal wounds


   Skills:
 - Level 2.0 Dodging
 - Level 3.0 Stealth
 - Level 2.0 Spellcasting
 + Level 6.8 Conjurations
 + Level 6.8 Fire Magic
 * Level 1.7 Evocations


You had 3 spell levels left.
You knew the following spells:

 Your Spells              Type           Power        Failure   Level
a - Foxfire               Conj/Fire      100%         1%          1
c - Conjure Flame         Conj/Fire      27%          3%          3
s - Sticky Flame          Conj/Fire      27%          11%         4

Your spell library contained the following spells:

 Spells                   Type           Power        Failure   Level
 Inner Flame              Hex/Fire       14%          13%         3
 Fireball                 Conj/Fire      13%          28%         5


Dungeon Overview and Level Annotations

Branches:
Dungeon (6/15)             Temple (1/1) D:4

Altars:
Elyvilon
Gozag
Kikubaaqudgha
Okawaru
Qazlal
Ru
Sif Muna
Trog
Uskayaw
Vehumet
Wu Jian
Xom
Yredelemnul
Zin
The Shining One

Annotations:
D:2 1 runed translucent door, Crazy Yiuf
D:3 Sigmund, Terence


Innate Abilities, Weirdness & Mutations

You cannot wear most types of armour.
You are very stealthy in the water. (Stealth+)
You are amphibious.
You can wear up to eight rings at the same time.
You can use your tentacles to constrict eight enemies at once.
Your skin changes colour to match your surroundings (Stealth+).
Your rubbery body absorbs attacks. (AC +1, EV +1)


Message History

A giant cockroach comes into view.
You hear the slow rusting of a distant drain.
You hit the giant cockroach but do no damage.
You grab the giant cockroach. You constrict the giant cockroach.
The giant cockroach closely misses you.
You hit the giant cockroach. You freeze the giant cockroach.
You kill the giant cockroach!
You now have 557 gold pieces (gained 6).
This spell is quite dangerous to cast!
Memorise Sticky Flame, consuming 4 spell levels and leaving 3?
You start memorising the spell.
You continue memorising. x4
You finish memorising.
Spell assigned to 's'.
Found a stone staircase leading up.
There is a stone staircase leading up here.
You hear the slow rusting of a very distant drain.
A centaur comes into view.
The centaur shouts!
A centaur comes into view.
The centaur wields a +0 shortbow.
The centaur shoots an arrow.
The arrow hits you!
You see here an arrow.
You take 11 damage, and have 31/46 hp.
MASSIVE DAMAGE!!
The centaur shoots an arrow.
The arrow hits you!
You hear a shout!
You see here an arrow.
You take 7 damage, and have 24/46 hp.
The centaur shoots an arrow.
The arrow closely misses you.
You see here an arrow.
The fire begins to smolder!
You now have 8/11 mp.
The fire ignites!
The centaur shoots an arrow.
The arrow hits you!
You see here an arrow.
You take 6 damage, and have 19/46 hp.
The fire begins to smolder!
You now have 5/11 mp.
The fire ignites!
You conjure some foxfire!
You now have 5/11 mp.
You conjure some foxfire!
The foxfire hits the centaur.
The foxfire hits the centaur but does no damage.
You now have 4/11 mp.
You hit the centaur. You freeze the centaur. Your squeeze misses the centaur.
The foxfire hits the centaur.
The foxfire hits the centaur!
The centaur unwields a +0 shortbow.
The centaur barely misses you.
You hit the centaur but do no damage. Your squeeze misses the centaur.
The centaur completely misses you. The centaur misses you.
You hit the centaur but do no damage. The centaur barely misses you.
You hit the centaur. You freeze the centaur. Your squeeze misses the centaur.
The centaur closely misses you. The centaur hits you.
You take 2 damage, and have 18/46 hp.
You hit the centaur. You freeze the centaur.
You kill the centaur!
Your Evocations skill increases to level 1!
You now have 574 gold pieces (gained 17).
f - 154 arrows (gained 20)
You see here a +0 shortbow.
You hear the slow rusting of a very distant drain.
The centaur wields a +0 shortbow.
The centaur shoots an arrow.
The arrow closely misses you.
The centaur shoots an arrow.
The arrow barely misses you.
You see here an arrow.
The centaur shoots an arrow.
The arrow barely misses you.
The centaur shoots an arrow.
The arrow hits you.
You see here 3 arrows.
You take 2 damage, and have 20/46 hp.
You conjure some foxfire!
You now have 7/11 mp.
You conjure some foxfire!
The foxfire hits the centaur.
You now have 6/11 mp.
The centaur shoots an arrow.
The arrow barely misses you.
The centaur unwields a +0 shortbow.
The centaur closely misses you. x2
You barely miss the centaur. The centaur hits you.
You take 6 damage, and have 15/46 hp.
Unknown command.
You barely miss the centaur. The centaur hits you!
* * * LOW HITPOINT WARNING * * *
The centaur closely misses you.
You take 10 damage, and have 5/46 hp.
MASSIVE DAMAGE!!
You feel much better. The centaur hits you! The centaur barely misses you.
You regained 17 hp, and now have 22/46 hp.
You hit the centaur but do no damage. The centaur hits you.
You take 3 damage, and have 19/46 hp.
You hit the centaur. You freeze the centaur. The centaur misses you.
The centaur hits you.
You take 5 damage, and have 14/46 hp.
You hit the centaur. You freeze the centaur. The centaur hits you.
* * * LOW HITPOINT WARNING * * *
You take 2 damage, and have 12/46 hp.
The fire begins to smolder!
The centaur hits you!
* * * LOW HITPOINT WARNING * * *
The centaur hits you but does no damage.
You take 9 damage, and have 3/46 hp.
You now have 5/11 mp.
Unknown command.
The centaur wields a +0 shortbow.
The centaur shoots an arrow.
The arrow hits you!
You die...
Your body crumbles into a pile of gold.

#...### ##.## #.#
#.# #.####c########
#.............#
:#....##########c#
...# #ยง# c. #@# .#
#.# .. #.# .# #.# .#
#.# (# #(#
(######### ##.#
.(.......######.#..#
######)#.......###.#


You could see a centaur.

Vanquished Creatures
  A sky beast (D:5)
  A phantom (D:4)
  2 ogres (D:4)
  A centaur (D:6)
  A bullfrog zombie (D:6)
  3 orc priests
  10 orc wizards
  A worker ant (D:4)
  3 gnolls (D:5)
  4 adders
  A shadow imp (D:5)
  An ufetubus (D:5)
  An ooze (D:2)
  An adder skeleton (D:5)
  5 worms
  A dart slug (D:2)
  A leopard gecko (D:4)
  23 orcs
  2 bats (D:2)
  3 giant cockroaches
  3 goblins
  4 hobgoblins
  7 jackals
  5 kobolds
  2 quokkas
  A ball python (D:2)
  6 frilled lizards
  A jackal zombie (D:6)
  8 rats
103 creatures vanquished.

Vanquished Creatures (others)
  295 foxfires
295 creatures vanquished.

Grand Total: 398 creatures vanquished

Notes
Turn   | Place    | Note
-------+----------+-------------------------------------------
     0 | D:1      | sokol815 the Octopode Fire Elementalist began the quest for
                  | the Orb.
     0 | D:1      | Reached XP level 1. HP: 11/11 MP: 3/3
   268 | D:1      | Reached skill level 3 in Stealth
   568 | D:1      | Reached XP level 2. HP: 12/17 MP: 3/5
  1025 | D:2      | Reached skill level 2 in Conjurations
  1335 | D:2      | Reached XP level 3. HP: 21/21 MP: 2/6
  1371 | D:2      | Learned a level 3 spell: Conjure Flame
  1409 | D:2      | Reached skill level 3 in Conjurations
  1860 | D:2      | Reached XP level 4. HP: 27/27 MP: 3/7
  1899 | D:2      | Found a runed translucent door.
  1900 | D:2      | Noticed Crazy Yiuf
  2085 | D:3      | Noticed Terence
  2439 | D:3      | Noticed Sigmund
  3208 | D:4      | HP: 10/40 [orc wizard/+0 dagger (1)]
  3209 | D:4      | Reached skill level 4 in Conjurations
  3209 | D:4      | Reached XP level 5. HP: 11/31 MP: 3/8
  3213 | D:4      | Reached skill level 4 in Fire Magic
  3513 | D:4      | Found a staircase to the Ecumenical Temple.
  3607 | Temple   | Entered the Ecumenical Temple
  3652 | Temple   | Became a worshipper of Gozag Ym Sagoz the Greedy
  3729 | D:4      | Noticed an ogre
  3748 | D:4      | Killed an ogre
  3749 | D:4      | Reached XP level 6. HP: 21/36 MP: 2/9
  4072 | D:4      | Noticed a phantom
  4080 | D:4      | Killed a phantom
  4081 | D:4      | Reached skill level 5 in Conjurations
  4081 | D:4      | Reached skill level 5 in Fire Magic
  4238 | D:4      | Reached XP level 7. HP: 24/41 MP: 5/10
  4828 | D:5      | Entered Level 5 of the Dungeon
  5343 | D:5      | Reached skill level 6 in Conjurations
  5343 | D:5      | Reached skill level 6 in Fire Magic
  5634 | D:5      | Reached XP level 8. HP: 46/46 MP: 2/11
  6376 | D:6      | Learned a level 4 spell: Sticky Flame
  6433 | D:6      | Reached skill level 1 in Evocations
  6471 | D:6      | HP: 5/46 [centaur (10)]
  6476 | D:6      | HP: 3/46 [centaur (9)]
  6477 | D:6      | Shot with an arrow by a centaur

Illustrated notes

Levels and vault maps discovered:
D:1:      psy_arrival_conway, layout_basic
D:2:      layout_loops_corners, uniq_crazy_yiuf_cottage
D:3:      layout_basic, uniq_sigmund, uniq_terence
D:4:      cheibrodos_old_hovel, layout_cave_pods, minmay_temple_entry_trees,
          grunt_decor_mini_mirrors
D:5:      layout_cave_pods
D:6:      layout_loops_ring, cheibrodos_sewer_entry_drain, minmay_manual_mares
Temple:   regret_index_temple_sigil_plot

Skill      XL: |  1  2  3  4  5  6  7  8 |
---------------+-------------------------+-----
Stealth        | 3 |  3.0
Conjurations   | 2 3 4 5 6 |  6.8
Fire Magic     | 4 5 6 |  6.8
Evocations     | 1 |  1.7
Dodging        | |  2.0
Spellcasting   | |  2.0

Action                   |  1- 3 |  4- 6 |  7- 9 || total
-------------------------+-------+-------+-------++-------
Melee: Dagger            |     9 |       |       ||     9
       Constrict         |     9 |     4 |     5 ||    18
       Unarmed           |     2 |       |       ||     2
       Tentacles         |     8 |     2 |     5 ||    15
       Short sword       |    28 |    15 |    26 ||    69
 Cast: Foxfire           |    36 |    51 |    87 ||   174
       Conjure Flame     |       |       |     3 ||     3
  Use: Scroll            |     2 |       |     7 ||     9
       Potion            |       |     1 |     1 ||     2
 Stab: Sleeping          |     8 |       |     1 ||     9
Armor: Skin              |     2 |    15 |     1 ||    18
Dodge: Dodged            |    14 |     6 |    18 ||    38

Table legend: (Time is in decaauts)
 A = Elapsed time spent in this place.
 B = Non-inter-level travel time spent in this place.
 C = Inter-level travel time spent in this place.
 D = Time resting spent in this place.
 E = Time spent auto-exploring this place.
 F = Levels seen in this place.
 G = Mean time per level.
                   A        B        C        D        E       F      G
               +--------+--------+--------+--------+--------+-----+--------+
         Total |   6479 |   6235 |    244 |   1443 |   3704 |   7 |  925.6 |
       Dungeon |   6412 |   6190 |    222 |   1443 |   3664 |   6 | 1068.7 |
        Temple |     67 |     45 |     22 |      0 |     40 |   1 |   67.0 |
               +--------+--------+--------+--------+--------+-----+--------+

Top non-repeatable levels by time:
     D:4: 1564 daAuts
     D:5: 1476 daAuts
     D:3: 1119 daAuts
     D:2: 1113 daAuts
     D:1: 963 daAuts
     D:6: 174 daAuts
  Temple: 67 daAuts

Table legend:
 A = Kills in this place as a percentage of kills in entire the game.
 B = Kills by you in this place as a percentage of kills by you in the entire game.
 C = Kills by friends in this place as a percentage of kills by friends in the entire game.
 D = Other kills in this place as a percentage of other kills in the entire game.
 E = Experience gained in this place as a percentage of experience gained in the entire game.
 F = Experience gained in this place divided by the number of levels of this place that you have seen.
                   A       B       C       D       E      F
               +-------+-------+-------+-------+-------+----------------------
         Total | 100.0 | 100.0 |   N/A |   N/A | 100.0 | 214.6
       Dungeon | 100.0 | 100.0 |   N/A |   N/A | 100.0 | 250.3
               +-------+-------+-------+-------+-------+----------------------
